 Dungeon Crawl Stone Soup version 0.26-a0-665-gefeb406119 (webtiles) character file.

Game seed: 12490687980831346373

3273 grandjackal the Skirmisher (level 9, -1/72 HPs)
             Began as a Demonspawn Gladiator on Oct 14, 2020.
             Was a Priest of Dithmenos.
             Slain by a yak (14 damage)
             ... on level 7 of the Dungeon.
             The game lasted 00:10:53 (6963 turns).

grandjackal the Skirmisher (Demonspawn Gladiator)   Turns: 6963, Time: 00:10:54

Health: -1/72      AC: 10    Str: 17    XL:     9   Next: 68%
Magic:  9/9        EV: 22    Int:  9    God:    Dithmenos [***...]
Gold:   239        SH:  0    Dex: 16    Spells: 8/8 levels left

rFire    . . .     SeeInvis .   t - +0 great sword
rCold    + . .     Faith    .   (shield currently unavailable)
rNeg     . . .     Spirit   .   b - +0 leather armour
rPois    .         Reflect  .   (helmet restricted)
rElec    .         Harm     .   m - +0 cloak
rCorr    .         Rampage  .   C - +1 pair of gloves
MR       .....                  (no boots)
Stlth    ++++......             (no amulet)
HPRegen  0.22/turn              h - +4 ring of protection
MPRegen  0.11/turn              i - +4 ring of evasion

@: lethally poisoned (-1 -> -2), wreathed by umbra
A: antennae 1, repulsion field 1, cold resistance 1
a: Shadow Step, Renounce Religion


You were on level 7 of the Dungeon.
You worshipped Dithmenos.
Dithmenos was most pleased with you.
You visited 1 branch of the dungeon, and saw 8 of its levels.
You also visited: Ossuary.

You collected 411 gold pieces.
You spent 172 gold pieces at shops.

Inventory:

Hand Weapons
 a - a +0 long sword
 t - a +0 great sword (weapon)
 G - a +5 short sword of freezing
Missiles
 d - 2 throwing nets (quivered)
Armour
 b - a +0 leather armour (worn)
 m - a +0 cloak (worn)
 C - a +1 pair of gloves (worn)
Jewellery
 h - a +4 ring of protection (left hand)
 i - a +4 ring of evasion (right hand)
Wands
 y - a wand of polymorph (7)
 B - a wand of flame (8)
Scrolls
 c - 2 scrolls of enchant armour {unknown}
 p - 5 scrolls of enchant weapon {unknown}
 r - 4 scrolls of blinking {unknown}
 u - 3 scrolls of immolation {unknown}
 v - 8 scrolls of remove curse {unknown}
 w - 4 scrolls of teleportation {unknown}
 A - 3 scrolls of magic mapping {unknown}
 E - 2 scrolls of fear {unknown}
 F - 3 scrolls of amnesia {unknown}
 H - a scroll of fog {unknown}
Potions
 e - 11 potions of curing
 f - 3 potions of heal wounds
 j - 2 potions of flight
 k - a potion of berserk rage
 l - a potion of magic
 n - a potion of resistance
 o - a potion of cancellation
 q - 4 potions of haste
 s - a potion of invisibility
 x - a potion of brilliance
 z - 3 potions of might
 D - 2 potions of lignification


   Skills:
 + Level 7.2 Fighting
 + Level 6.9 Long Blades
 - Level 1.7 Throwing
 + Level 6.9 Dodging
 + Level 6.4 Stealth


You had 8 spell levels left.
You didn't know any spells.
Your spell library contained the following spells:

 Spells                   Type           Power        Failure   Level
 Foxfire                  Conj/Fire      #...         45%         1
 Sting                    Tmut/Pois      #...         45%         1
 Ensorcelled Hibernation  Hex/Ice        #.....       58%         2
 Poisonous Vapours        Pois/Air       #.....       58%         2
 Conjure Flame            Conj/Fire      #.......     83%         3
 Ignite Poison            Fire/Tmut/Pois #.......     83%         3
 Inner Flame              Hex/Fire       #.......     83%         3
 Mephitic Cloud           Conj/Pois/Air  #.......     83%         3
 Ozocubu's Armour         Ice            #.......     83%         3
 Hailstorm                Conj/Ice       #.......     99%         4
 Ice Form                 Ice/Tmut       #.......     99%         4
 Olgreb's Toxic Radiance  Pois           #.......     99%         4
 Sticky Flame             Conj/Fire      #.......     99%         4
 Summon Ice Beast         Ice/Summ       #.......     99%         4
 Fireball                 Conj/Fire      #.........   100%        5


Dungeon Overview and Level Annotations

Branches:
Dungeon (8/15)             Temple (0/1) D:4         Ossuary (visited)
   Lair: D:8-11

Altars:
Cheibriados
Dithmenos
Kikubaaqudgha
Okawaru
Ru
Uskayaw
Vehumet
Xom
Yredelemnul

Shops:
D:5 [   D:6 =


Innate Abilities, Weirdness & Mutations

You have a pair of small antennae on your head.
You are surrounded by a mild repulsion field. (EV +2)
Your flesh is cold resistant. (rC+)


Message History

You feel sick. The yak closely misses you.
You barely miss the yak.
The yak is moderately wounded.
The yak completely misses you.
You slash the yak!
The yak is almost dead.
The yak gores you!
* * * LOW HITPOINT WARNING * * *
The yak misses you.
You hit the yak but do no damage.
The yak is almost dead.
You feel sick. The yak closely misses you.
You barely miss the yak.
The yak is almost dead.
The yak barely misses you.
You riposte.
You hit the yak.
The yak is almost dead.
You hit the yak but do no damage.
The yak is almost dead.
The yak barely misses you. The yak gores you!
You die...

.....# ##...#.#
.###.# #)..#.#
.###+#######...#.#
..........##...#.#
#.........##...#.#
#..(......##.....#
#.........##.....#
+.........##...Y.####
#.........##....@...#
#........[#########.#
#.................#.#
#........)........#.#
#.................#.#
#.............#...#.#
#######.....#.###.#.#
#######.#<#.#.#
#.#.#.#.#


You could see a yak.

Vanquished Creatures
  Grinder (D:4)
  A wraith (D:7)
  Menkaure (Ossuary)
  Edmund (D:5)
  A water moccasin (D:8)
  A sky beast (D:7)
  An ice beast (D:5)
  3 phantoms
  3 ogres
  A bullfrog (D:6)
  A water moccasin zombie (D:7)
  3 scorpions
  A troll zombie (Ossuary)
  4 killer bees (D:6)
  3 howler monkeys
  6 wights
  A centaur zombie (Ossuary)
  An orc priest (D:4)
  3 hounds
  Crazy Yiuf (D:5)
  5 bullfrog zombies
  A jelly (D:6)
  A centaur skeleton (D:6)
  3 iguanas
  Jessica (D:2)
  3 worker ants
  A killer bee zombie (D:7)
  3 ogre zombies (Ossuary)
  2 big kobold zombies (Ossuary)
  2 hound zombies
  3 hound skeletons
  6 mummies (Ossuary)
  A worker ant zombie (D:6)
  8 adders
  3 gnolls (D:5)
  2 howler monkey skeletons (D:6)
  An ufetubus (D:7)
  3 adder zombies (Ossuary)
  2 adder skeletons
  2 worms
  A dart slug (D:2)
  3 leopard geckos
  6 orcs
  8 giant cockroaches
  10 hobgoblins
  5 jackals
  2 kobolds
  A ball python (D:1)
  5 bats
  2 frilled lizards
  2 gnoll zombies (Ossuary)
  4 goblins
  A hobgoblin zombie (Ossuary)
  A jackal skeleton (D:7)
  4 kobold zombies (Ossuary)
  A leopard gecko skeleton (D:7)
  A leopard gecko zombie (D:6)
  6 quokka zombies
  2 rats
  10 rat zombies
166 creatures vanquished.

Vanquished Creatures (others)
  2 fungi (D:8)
  9 plants (D:8)
11 creatures vanquished.

Grand Total: 177 creatures vanquished

Notes
Turn   | Place    | Note
-------+----------+-------------------------------------------
     0 | D:1      | grandjackal the Demonspawn Gladiator began the quest for
                  | the Orb.
     0 | D:1      | Reached XP level 1. HP: 16/16 MP: 1/1
   156 | D:1      | Gained mutation: You have a pair of small antennae on your
                  | head. [demonic ancestry]
   156 | D:1      | Reached XP level 2. HP: 7/22 MP: 2/2
  1098 | D:2      | Reached XP level 3. HP: 28/28 MP: 3/3
  1171 | D:2      | Found an iron altar of Okawaru.
  1293 | D:2      | Noticed Jessica
  1301 | D:2      | Killed Jessica
  1301 | D:2      | Gained mutation: You are surrounded by a mild repulsion
                  | field. (EV +2) [demonic ancestry]
  1301 | D:2      | Reached XP level 4. HP: 34/34 MP: 4/4
  1366 | D:2      | Reached skill level 3 in Fighting
  1628 | D:2      | Found a shadowy altar of Dithmenos.
  1835 | D:2      | Became a worshipper of Dithmenos the Shadowed
  1867 | D:2      | Reached skill level 1 in Stealth
  1919 | D:1      | Reached XP level 5. HP: 13/41 MP: 5/5
  2348 | D:3      | Found an ancient bone altar of Kikubaaqudgha.
  2348 | D:3      | Found a basalt altar of Yredelemnul.
  2348 | D:3      | Found a hide-covered altar of Uskayaw.
  2833 | D:3      | You fall into a shaft and drop 2 floors!
  2833 | D:5      | Entered Level 5 of the Dungeon
  2839 | D:5      | Reached XP level 6. HP: 48/48 MP: 6/6
  2849 | D:5      | Noticed an ice beast
  2861 | D:5      | Killed an ice beast
  2861 | D:5      | Reached skill level 4 in Fighting
  2955 | D:4      | Noticed Grinder
  2976 | D:5      | Noticed Edmund
  3073 | D:4      | Reached XP level 7. HP: 11/54 MP: 7/7
  3183 | D:4      | Found a sand-covered staircase.
  3305 | Ossuary  | Entered an ossuary
  3414 | Ossuary  | Reached * piety under Dithmenos
  3690 | Ossuary  | Noticed Menkaure
  3705 | Ossuary  | Killed Menkaure
  3710 | Ossuary  | Reached ** piety under Dithmenos
  3710 | Ossuary  | Reached skill level 5 in Long Blades
  3710 | Ossuary  | Reached skill level 5 in Dodging
  3729 | Ossuary  | Reached skill level 5 in Fighting
  3861 | D:4      | Gained mutation: Your flesh is cold resistant. (rC+)
                  | [demonic ancestry]
  3861 | D:4      | Reached XP level 8. HP: 62/62 MP: 8/8
  3865 | D:4      | Found a staircase to the Ecumenical Temple.
  3953 | D:3      | Found a sacrificial altar of Ru.
  3953 | D:3      | Found a snail-covered altar of Cheibriados.
  4105 | D:4      | Paralysed by Grinder for 5 turns
  4114 | D:4      | Killed Grinder
  4562 | D:4      | Found a shimmering altar of Xom.
  4875 | D:5      | Found a radiant altar of Vehumet.
  4892 | D:5      | Found Isoty's Antique Armour Shoppe.
  4901 | D:5      | Bought a pair of glowing gloves for 172 gold pieces
  4957 | D:5      | Reached skill level 6 in Fighting
  4967 | D:5      | Killed Edmund
  4967 | D:5      | Reached skill level 5 in Stealth
  5174 | D:5      | Identified the Disquisition on the Glacier
  5378 | D:5      | Found a runed translucent door.
  5379 | D:5      | Noticed Crazy Yiuf
  5452 | D:5      | Killed Crazy Yiuf
  5638 | D:6      | Reached XP level 9. HP: 69/69 MP: 9/9
  5664 | D:6      | Reached *** piety under Dithmenos
  5875 | D:6      | Found Kiedioff's Jewellery Boutique.
  6455 | D:7      | Reached skill level 7 in Fighting
  6963 | D:7      | Slain by a yak

Illustrated notes

Levels and vault maps discovered:
D:1:      erik_arrival_blinker_ship, layout_basic
D:2:      layout_basic, overflow_temple_1_default, okawaru_trees_2, uniq_jessica
D:3:      layout_loops_ring, chequers_temple_overflow_statue_of_worship,
          gammafunk_temple_overflow_wave
D:4:      layout_gridville, minmay_temple_entry_waves, enter_ossuary_4,
          xom_teletrap_fun, uniq_grinder
D:5:      layout_rooms, vehumet_altar_wand_db, serial_shops, nicolae_shop_stone,
          portal_sewer_entry_f, uniq_crazy_yiuf_cottage, uniq_edmund
D:6:      layout_gridville, serial_undead, serial_undead_f, serial_undead_d,
          serial_undead_a, serial_undead_a, serial_shops, nicolae_shop_crystal
D:7:      layout_basic
D:8:      layout_basic, minmay_lair_entry_grove, basic_altar

Skill      XL: |  1  2  3  4  5  6  7  8  9 |
---------------+----------------------------+-----
Long Blades    | 3 4 5 6 |  6.9
Dodging        | 3 4 5 6 |  6.9
Fighting       | 3 4 5 6 7 |  7.2
Stealth        | 1 2 3 5 6 |  6.4
Throwing       | |  1.7

Action                   |  1- 3 |  4- 6 |  7- 9 || total
-------------------------+-------+-------+-------++-------
Melee: Long sword        |    62 |    79 |       ||   141
       Great sword       |       |    45 |   346 ||   391
Throw: Throwing net      |       |     1 |       ||     1
  Use: Scroll            |       |       |    12 ||    12
 Stab: Sleeping          |       |     1 |    15 ||    16
Armor: Leather armour    |    14 |    25 |    63 ||   102
Dodge: Dodged            |    68 |   131 |   421 ||   620
       Rpst.: Long sword |    26 |    24 |       ||    50
       Great sword       |       |    21 |   128 ||   149

Table legend: (Time is in decaauts)
 A = Elapsed time spent in this place.
 B = Non-inter-level travel time spent in this place.
 C = Inter-level travel time spent in this place.
 D = Time resting spent in this place.
 E = Time spent auto-exploring this place.
 F = Levels seen in this place.
 G = Mean time per level.
                   A        B        C        D        E       F      G
               +--------+--------+--------+--------+--------+-----+--------+
         Total |   7181 |   6899 |    282 |   1400 |   3533 |   9 |  797.9 |
       Dungeon |   6657 |   6375 |    282 |   1397 |   3489 |   8 |  832.1 |
       Ossuary |    524 |    524 |      0 |      3 |     44 |   1 |  524.0 |
               +--------+--------+--------+--------+--------+-----+--------+

Top non-repeatable levels by time:
     D:1: 1287 daAuts
     D:4: 1249 daAuts
     D:2: 939 daAuts
     D:5: 879 daAuts
     D:3: 785 daAuts
     D:6: 767 daAuts
     D:7: 691 daAuts
 Ossuary: 524 daAuts
     D:8: 57 daAuts
